Map: Catallena LE (Void)

Players

Pain - Winner!

  • Race: Terran Terran
  • Spawn Location: 9:00

A.I. 1 (Medium)

  • Race: Terran Terran
  • Spawn Location: 5:00

VOD

Have the link to the VOD?

Description

Time

  • Played on: Sept. 3, 2017, 10:27 p.m.
  • Length: 12:49
Show
View Real Time Build Order
Export as new Build Order

Pain Terran - Winner!

Build Orders:  

Get SALT Encoding   

  12  0:12  Supply Depot  
  12  0:36  Barracks  
  12  0:37  SCV  
  13  0:49  SCV  
  14  1:01  SCV  
  15  1:06  Supply Depot  
  15  1:13  SCV  
  16  1:25  SCV  
  17  1:30  Bunker  
  17  1:37  Refinery  
  17  1:39  SCV  
  18  1:45  Marine  
  19  1:51  SCV  
  20  2:02  Marine  
  20  2:03  SCV  
  20  2:04  Engineering Bay  
  22  2:15  SCV  
  23  2:20  Marine  
  24  2:25  Supply Depot  
  24  2:27  SCV  
  25  2:38  Marine  
  25  2:40  Refinery  
  26  2:55  Bunker  
  26  2:56  Marine  
  27  3:14  Marine  
  28  3:25  Supply Depot  
  28  3:28  SCV  
  28  3:31  Marine  
  30  3:40  SCV  
  31  3:47  Terran Infantry Weapons Level 1  
  31  3:49  Marine  
  31  3:52  SCV  
  32  4:04  SCV  
  32  4:07  Marine  
  34  4:25  Marine  
  35  4:43  Marine  
  36  4:46  Factory  
  36  4:52  Supply Depot  
  36  4:58  Barracks  
  36  5:01  Marine  
  36  5:04  Barracks  
  37  5:18  Marine  
  38  5:36  Marine, Missile Turret  
  38  5:41  Terran Infantry Armor Level 1  
  39  5:51  Missile Turret  
  40  5:57  Barracks Tech Lab  
  40  6:02  Barracks Reactor  
  39  6:11  Supply Depot  
  39  6:15  Missile Turret  
  39  6:46  Armory  
  39  6:57  Factory Reactor  
  39  7:14  Factory  
  39  7:15  Marine x2  
  41  7:33  Supply Depot, Marine x2  
  43  7:51  Marine x2  
  45  7:58  Marine  
  46  8:08  Marine x2  
  46  8:11  Hellion  
  50  8:16  Marine  
  51  8:26  Marine x2, Hellion x2  
  57  8:32  Hellion  
  59  8:34  Marine  
  60  8:46  Missile Turret  
  60  8:47  Hellion x2  
  64  8:52  Marine  
  64  8:54  Hellion  
  67  9:09  Hellion x2  
  71  9:18  Supply Depot  
  71  9:22  Supply Depot  
  71  9:39  Marine  
  71  9:40  Hellion x3  
  78  10:00  Marine x2  
  78  10:01  Hellion x2  
  84  10:18  Marine x2  
  86  10:27  Hellion  
  86  10:28  Hellion  
  86  10:29  Hellion  
  78  10:35  Marine  
  78  10:36  Marine  
  80  10:49  Hellion  
  82  10:50  Hellion  
  82  10:53  Marine  
  84  11:11  Hellion  
  86  11:18  Marine  
  87  11:26  Supply Depot  
  87  11:47  Marine x2  
  87  11:48  Hellion  
  88  12:05  Marine  
  88  12:09  Hellion  
Show
View Real Time Build Order
Export as new Build Order

A.I. 1 (Medium) Terran 

Build Orders:  

Get SALT Encoding   

  12  0:00  SCV  
  13  0:13  SCV  
  14  0:19  Supply Depot  
  14  0:25  SCV  
  15  0:40  SCV  
  15  0:42  Barracks  
  16  0:50  Refinery  
  16  0:53  SCV  
  17  1:05  SCV  
  18  1:17  Supply Depot  
  18  1:29  Orbital Command, Marine  
  19  1:33  Barracks  
  19  1:44  Refinery  
  19  1:48  Barracks Tech Lab  
  19  2:06  Marine  
  19  2:07  Factory  
  20  2:19  Marine  
  21  2:25  Supply Depot  
  21  2:33  Marine  
  22  2:47  Marine  
  23  3:00  Marine  
  23  3:03  Supply Depot  
  24  3:09  SCV  
  25  3:14  Marine  
  26  3:21  SCV  
  27  3:27  Engineering Bay  
  27  3:28  Marauder  
  27  3:33  SCV  
  30  3:41  Hellion  
  30  3:46  SCV  
  33  3:50  Supply Depot  
  33  3:54  Marine  
  34  3:58  SCV  
  35  4:10  SCV  
  35  4:13  Marauder  
  38  4:22  Hellion  
  40  4:44  Hellion  
  42  6:50  Marine, Barracks Tech Lab  
  42  6:52  Factory  
  43  6:56  Factory Tech Lab, Starport  
  43  6:57  Command Center  
  43  6:59  Missile Turret  
  43  7:01  Supply Depot  
  43  7:03  Ghost Academy  
  43  7:05  Missile Turret  
  43  7:08  Marauder, Sensor Tower  
  45  7:11  Armory  
  45  7:12  Marauder  
  45  7:13  Barracks  
  47  7:25  Bunker  
  47  7:29  Marine  
  48  7:33  Ghost  
  48  7:35  Starport Tech Lab  
  43  7:37  Factory Tech Lab  
  32  7:47  Marine  
  33  7:54  Raven  
  35  8:00  Barracks Reactor  
  35  8:01  Marine  
  35  8:05  Marine  
  37  8:09  SCV  
  37  8:11  Refinery  
  37  8:12  SCV  
  39  8:19  Marine, Missile Turret  
  40  8:21  SCV  
  40  8:22  Missile Turret  
  40  8:24  SCV, Marine  
  40  8:25  Refinery  
  43  8:33  SCV  
  44  8:36  SCV  
  44  8:37  Marine, Raven  
  48  8:42  Bunker  
  48  8:43  Marauder  
  48  8:45  SCV  
  51  8:48  SCV  
  51  8:52  Marine  
  53  8:57  SCV  
  53  9:00  SCV  
  53  9:01  Marine  
  57  9:10  SCV  
  57  9:11  Marauder  
  57  9:12  SCV  
  60  9:22  SCV  
  61  9:25  SCV  
  62  9:34  SCV  
  62  9:37  SCV  
  64  9:46  SCV  
  64  9:49  SCV  
  66  9:58  SCV  
  67  10:01  SCV  
  68  10:26  Marine  
  49  10:36  Marine  
  49  10:37  Raven  
  47  10:44  SCV  
  47  10:45  Marine  
  47  10:47  SCV  
  36  10:55  Marauder  
  36  10:56  SCV  
  35  11:04  Marauder  
  35  11:08  SCV  
  31  11:16  Marauder  
  31  11:18  Starport  
  27  11:20  SCV, Supply Depot, Raven  
  27  11:25  Ghost  
  32  11:27  Marine  
  32  11:32  SCV  
  34  11:34  Marine  
  35  11:41  Marine  
  35  11:44  SCV  
  33  11:49  Marine  
  26  11:54  Medivac  
  26  11:56  SCV, Hellion  
  17  12:03  Raven  
  17  12:04  Hellion  
  14  12:08  SCV  
  14  12:10  Marine  
  12  12:18  Hellion  
  19  12:30  Command Center  
Tags
 
Matchup
TvT
Race
Terran
Replay Pack
RP
Spawn Locations
Cross Positions
Add a new tag
Caveats
  • Supply blocks, unpowered buildings, or Contaminate may cause inaccurate times.
  • Supply counts are checked every 10 seconds.